 Dungeon Crawl Stone Soup version 0.28.0 (webtiles) character file.

Game seed: 7889982737953863955

11 Flippered the Digger (level 2, 16/16 HPs)
             Began as a Gargoyle Earth Elementalist on Feb 18, 2022.
             Was a Follower of Sif Muna.
             Quit the game on level 1 of the Dungeon.
             The game lasted 00:02:40 (651 turns).

Flippered the Digger (Gargoyle Earth Elementalist)   Turns: 651, Time: 00:02:41

Health: 16/16      AC:  4    Str: 11    XL:     2   Next: 25%
Magic:  5/5        EV: 11    Int: 15    God:    Sif Muna [*.....]
Gold:   0          SH:  0    Dex: 10    Spells: 4/5 levels left

rFire   . . .      SeeInvis .   a - +0 dagger
rCold   . . .      Faith    .   (no shield)
rNeg    + . .      Spirit   .   b - +0 robe
rPois   ∞          Reflect  .   (no helmet)
rElec   +          Harm     .   (no cloak)
rCorr   .          Rampage  .   (no gloves)
Will    .....                   (no boots)
Stlth   ++........              (no amulet)
HPRegen 0.05/turn               (no ring)
MPRegen 0.09/turn               (no ring)

@: no status effects
A: sickness immunity, AC +2, negative energy resistance 1, electricity
resistance, torment resistance 1, petrification resistance
a: Renounce Religion, Channel Magic


You were on level 1 of the Dungeon.
You worshipped Sif Muna.
Sif Muna was aware of your devotion.
You visited 1 branch of the dungeon, and saw 1 of its levels.

Inventory:

Hand Weapons
 a - a +0 dagger (weapon)
Missiles
 c - 50 stones
Armour
 b - a +0 robe (worn)
Potions
 d - 2 potions of ambrosia {unknown}


   Skills:
 + Level 0.8 Fighting
 * Level 0.2 Short Blades
 - Level 1.5 Dodging
 - Level 2.1 Stealth
 - Level 2.0 Spellcasting
 - Level 1.0 Transmutations
 - Level 4.0 Earth Magic


You had 4 spell levels left.
You knew the following spells:

 Your Spells              Type           Power      Damage    Failure   Level
a - Sandblast             Erth           26%        2d8       4%          1

Your spell library contained the following spells:

 Spells                   Type           Power      Damage    Failure   Level
 Passwall                 Tmut/Erth      7%         N/A       12%         2
 Beastly Appendage        Tmut           8%         N/A       14%         1
 Wereblood                Tmut           4%         N/A       22%         2
 Stone Arrow              Conj/Erth      14%        3d7       28%         3
 Spider Form              Tmut/Pois      3%         N/A       47%         3
 Petrify                  Tmut/Erth      9%         N/A       61%         4


Dungeon Overview and Level Annotations

Branches:
Dungeon (1/15)

Altars:
Sif Muna


Innate Abilities, Weirdness & Mutations

You are immune to sickness and miasma.
Your stone body is resilient. (AC +2)
You are immune to poison.
You resist negative energy. (rN+)
You are resistant to electric shocks. (rElec)
You are resistant to unholy torment.
You are immune to petrification.


Message History

A goblin comes into view. It is wielding a +0 club.
Found a robe.
The goblin shouts!
The goblin barely misses you.
You hit the goblin.
The goblin is severely wounded.
The goblin hits you with a +0 club.
You closely miss the goblin.
The goblin is severely wounded.
The goblin hits you but does no damage.
You hit the goblin.
You kill the goblin!
There is a faded altar of an unknown god here.
You cannot tell which god this altar belongs to.
Convert to them anyway?
Sif Muna accepts your prayer! Sif Muna welcomes you!
You can now call upon Sif Muna for magical energy.
Okay, then.
Save game and exit?
Welcome back, Flippered the Gargoyle Earth Elementalist.
Sif Muna whispers: I know many secrets...
Press ? for a list of commands and other information.
You start resting.
HP restored.
Things that are here:
a +0 club; a goblin corpse A ball python comes into view.
The ball python hisses angrily.
The ball python completely misses you. The ball python grabs you.
The ball python constricts you.
You completely miss the ball python. The ball python barely misses you.
The ball python constricts you.
You hit the ball python.
You kill the ball python!
Sif Muna accepts your kill.
Your Transmutations skill increases to level 1!
No target in view!
You see here a ball python corpse.
The goblin shouts!
Are you sure you want to abandon this character and quit the game? (Confirm with "yes".)

##'###...###.#.......#
#...##.#.#......#.#..###
.....#.#.....#..#.......
.#<#.#.....#........## ####
.....#............>..# ....
############.#..###..####..#
# #.#..# #........#
#...#..####...###.#
#...g..@.##....##.#
#..g#..#†##.......# #
######.###..÷#.## #.#
#...#.#
###########.###...#.#
#.........#.........#
#.........#######.#.#
#.........# #......#
#.........####.##..##


You could see 2 goblins.

Vanquished Creatures
  2 bats (D:1)
  A giant cockroach (D:1)
  2 goblins (D:1)
  A hobgoblin (D:1)
  2 ball pythons (D:1)
  A frilled lizard (D:1)
  2 rats (D:1)
11 creatures vanquished.

Notes
Turn   | Place    | Note
-------+----------+-------------------------------------------
     0 | D:1      | Flippered the Gargoyle Earth Elementalist began the quest
                  | for the Orb.
     0 | D:1      | Reached XP level 1. HP: 10/10 MP: 3/3
   410 | D:1      | Reached skill level 4 in Earth Magic
   414 | D:1      | Reached XP level 2. HP: 16/16 MP: 5/5
   541 | D:1      | Found a faded altar of an unknown god.
   553 | D:1      | Prayed at the altar of an unknown god.
   553 | D:1      | Became a worshipper of Sif Muna the Loreminder
   553 | D:1      | Reached * piety under Sif Muna
   649 | D:1      | Reached skill level 1 in Transmutations
   651 | D:1      | Quit the game

Illustrated notes

Levels and vault maps discovered:
D:1:      dpeg_arrival_renting, layout_basic, ebering_ecumenical_altar_ruins

Skill      XL: |  1  2 |
---------------+-------+-----
Earth Magic    | 4 |  4.0
Transmutations | 1 |  1.0
Fighting       | |  0.8
Short Blades   | |  0.2
Dodging        | |  1.5
Stealth        | |  2.1
Spellcasting   | |  2.0

Action                   || total
-------------------------++-------
Melee: Dagger            ||    20
       Unarmed           ||     1
 Cast: Sandblast         ||     4
 Stab: Sleeping          ||     2
Armor: Robe              ||     4
Dodge: Dodged            ||     7
